 Dungeon Crawl Stone Soup version 0.25.0-11-g1f837a76a1 (webtiles) character file.

Game seed: 9710749743616551631

479 Delamore the Skirmisher (level 7, -1/47 HPs)
             Began as a Gargoyle Fighter on June 27, 2020.
             Slain by an ogre
             ... wielding a +0 giant spiked club
              (20 damage)
             ... on level 4 of the Dungeon.
             The game lasted 00:04:36 (4261 turns).

Delamore the Skirmisher (Gargoyle Fighter)          Turns: 4261, Time: 00:04:36

Health: -1/47      AC: 13    Str: 22    XL:     7   Next: 11%
Magic:  7/7        EV:  5    Int:  8    God:
Gold:   223        SH:  9    Dex:  9    Spells: 6/6 levels left

rFire    . . .     SeeInvis .   a - +0 flail
rCold    . . .     Gourm    .   c - +0 kite shield
rNeg     + . .     Faith    .   o - +0 chain mail
rPois    ∞         Spirit   .   (no helmet)
rElec    +         Reflect  .   (no cloak)
rCorr    .         Harm     .   (no gloves)
MR       .....                  (no boots)
Stlth    ..........             (no amulet)
HPRegen  0.15/turn              (no ring)
MPRegen  0.10/turn              (no ring)

@: no status effects
A: negative energy resistance 1, electricity resistance, unbreathing,
petrification resistance, rot immunity, AC +4
a: no special abilities


You were on level 4 of the Dungeon.
You were not hungry.

You visited 1 branch of the dungeon, and saw 4 of its levels.

You collected 223 gold pieces.

Inventory:

Hand Weapons
 a - a +0 flail (weapon)
Missiles
 g - 7 poisoned darts (quivered)
Armour
 b - a +0 scale mail
 c - a +0 kite shield (worn)
 o - a +0 chain mail (worn)
Wands
 u - a wand of flame (24)
Scrolls
 i - a scroll of teleportation {unknown}
 k - a scroll of fear {unknown}
 n - a scroll of enchant weapon {unknown}
 p - 2 scrolls of identify {unknown}
 q - 2 scrolls of amnesia {unknown}
 r - a scroll of noise {unknown}
 s - 2 scrolls of remove curse {unknown}
 t - a scroll of enchant armour {unknown}
Potions
 d - a potion of might
 e - 4 potions of curing {unknown}
 j - 2 potions of heal wounds {unknown}
 l - 2 potions of lignification {unknown}
 m - a potion of resistance {unknown}
 v - 2 potions of haste {unknown}
Comestibles
 f - 7 rations
 h - a chunk of flesh


   Skills:
 + Level 6.4 Fighting
 + Level 5.4 Maces & Flails
 - Level 3.2 Armour
 - Level 3.2 Shields


You had 6 spell levels left.
You didn't know any spells.
Your spell library was empty.

Dungeon Overview and Level Annotations

Branches:
Dungeon (4/15)
 Temple: D:4-7

Altars:
Cheibriados
Gozag
Makhleb
Sif Muna
Xom

Shops:
D:3 *   D:4 *[=

Annotations:
D:3 3 runed translucent doors, aduken's ghost, amateur GnWn


Innate Abilities, Weirdness & Mutations

You are resistant to torment.
Your stone body is resilient. (AC +4)
You are immune to poison.
You resist negative energy. (rN+)
You are resistant to electric shocks. (rElec)
You can survive without breathing.
You are immune to petrification.
You are immune to rotting.


Message History

Press: ? - help, Shift-Dir - straight line, f/p - ogre
Aim: an ogre, wielding a +0 giant spiked club You throw a poisoned dart.
The poisoned dart hits the ogre.
The ogre is poisoned.
Throwing (i - inventory)
g - 8 poisoned darts (quivered)
Press: ? - help, Shift-Dir - straight line, f/p - ogre
Aim: an ogre, wielding a +0 giant spiked club (lightly wounded, poisoned)
You throw a poisoned dart. The poisoned dart hits the ogre.
The ogre is lightly wounded.
You block the ogre's attack.
You hit the ogre.
The ogre is moderately wounded.
The ogre hits you with a +0 giant spiked club!
You thump the ogre!
The ogre is severely wounded.
The ogre hits you with a +0 giant spiked club.
You closely miss the ogre.
The ogre is severely wounded.
The ogre hits you with a +0 giant spiked club!!
You die...

### ..# # #.# # #####
#.# ##### . ...# #.#
#...## # #.###.####....#
# #.....)....._.#
#####..##.#####.@.#
.)).(..#........O...∩...
#####.##..####.#(#######
# ......... ..###.
##.##.##..##.# #.
#...#.#...### .#
........#..### #
....#..###...# .#..##
.#.###..#..#.##.#.#.#.


You could see an ogre (poisoned).

Vanquished Creatures
  A phantom (D:4)
  An orc priest (D:3)
  2 orc wizards
  A gnoll shaman (D:4)
  2 iguanas
  A worker ant (D:4)
  4 gnolls (D:4)
  8 adders
  An ooze (D:3)
  3 worms
  3 dart slugs
  2 leopard geckos
  8 orcs
  2 ball pythons (D:3)
  2 giant cockroaches
  7 goblins
  8 hobgoblins
  2 quokkas (D:2)
  10 bats
  7 frilled lizards
  6 kobolds
  11 rats
92 creatures vanquished.

Vanquished Creatures (others)
  3 fungi (D:3)
3 creatures vanquished.

Grand Total: 95 creatures vanquished

Notes
Turn   | Place    | Note
-------+----------+-------------------------------------------
     0 | D:1      | Delamore the Gargoyle Fighter began the quest for the Orb.
     0 | D:1      | Reached XP level 1. HP: 14/14 MP: 1/1
   288 | D:1      | Reached XP level 2. HP: 19/19 MP: 2/2
   966 | D:2      | Reached XP level 3. HP: 7/24 MP: 3/3
  1544 | D:2      | Reached skill level 4 in Fighting
  1908 | D:2      | Found a shimmering blue altar of Sif Muna.
  1918 | D:2      | Reached XP level 4. HP: 30/30 MP: 4/4
  2011 | D:2      | Found a shimmering altar of Xom.
  2035 | D:2      | Found a snail-covered altar of Cheibriados.
  2479 | D:3      | Reached skill level 5 in Fighting
  2479 | D:3      | Reached XP level 5. HP: 23/35 MP: 5/5
  2664 | D:3      | Found an opulent altar of Gozag.
  2668 | D:3      | Found Gozag's Platinum Reserve.
  3173 | D:3      | Found a runed translucent gate.
  3173 | D:3      | Found a runed translucent gate.
  3173 | D:3      | Found a runed translucent gate.
  3176 | D:3      | Noticed aduken's ghost (amateur GnWn)
  3176 | D:3      | Noticed a big kobold
  3596 | D:4      | Found Mecischa's Antique Armour Boutique.
  3596 | D:4      | Noticed a phantom
  3599 | D:4      | Reached XP level 6. HP: 40/40 MP: 6/6
  3826 | D:4      | Killed a phantom
  3826 | D:4      | Reached skill level 6 in Fighting
  3826 | D:4      | Reached skill level 5 in Maces & Flails
  3962 | D:4      | Found Hashuilon's Assorted Antiques.
  4014 | D:4      | Reached XP level 7. HP: 35/46 MP: 7/7
  4227 | D:4      | Found a burning altar of Makhleb.
  4231 | D:4      | Found Moonoffo's Jewellery Boutique.
  4261 | D:4      | Slain by an ogre

Illustrated notes

Levels and vault maps discovered:
D:1:      lightli_arrival_isolated_outpost, layout_basic
D:2:      layout_rooms, led_sif_pool, nicolae_overflow_hidden_temple,
          lemuel_doored_altar, minmay_quadrilaterals
D:3:      layout_basic, nicolae_gozag_zags_fifth_avenue, first_ration,
          gammafunk_ghost_nasty_kobolds
D:4:      layout_loops_ring, bloody_makhleb, serial_shops, shop,
          kennysheep_little_box, shop, kennysheep_mini_moat,
          grunt_decor_one_mirror, columned_hall_lemuel

Skill      XL: |  1  2  3  4  5  6 |
---------------+-------------------+-----
Fighting       | 4 5 6 |  6.4
Maces & Flails | 3 4 5 |  5.4
Armour         | |  3.2
Shields        | |  3.2

Action                   |  1- 3 |  4- 6 |  7- 9 || total
-------------------------+-------+-------+-------++-------
Melee: Flail             |   129 |   276 |    30 ||   435
Throw: Dart              |       |       |     3 ||     3
  Eat: Chunk             |     3 |     7 |     2 ||    12
Armor: Scale mail        |    40 |       |       ||    40
       Chain mail        |    31 |   152 |     7 ||   190
Dodge: Dodged            |    33 |    49 |     8 ||    90
Block: Kite shield       |    71 |   138 |    10 ||   219
